 Dungeon Crawl Stone Soup version 0.28-a0-556-gab23d0e057 (webtiles) character file.

Game seed: 17960908921022160404

196 Atlas the Digger (level 5, -1/40 HPs)
             Began as a Demigod Earth Elementalist on Sept 29, 2021.
             Slain by a river rat (4 damage)
             ... in a sewer.
             The game lasted 00:04:55 (3253 turns).

Atlas the Digger (Demigod Earth Elementalist)       Turns: 3253, Time: 00:04:56

Health: -1/40      AC:  5    Str:  9    XL:     5   Next: 21%
Magic:  11/12      EV: 11    Int: 21    God:
Gold:   149        SH:  0    Dex: 14    Spells: 3/9 levels left

rFire   . . .      SeeInvis .   c - +1 halberd (vorpal)
rCold   . . .      Faith    .   (shield currently unavailable)
rNeg    . . .      Spirit   .   e - +0 leather armour
rPois   .          Reflect  .   k - +0 helmet
rElec   .          Harm     .   (no cloak)
rCorr   .          Rampage  .   g - +0 pair of gloves
Will    .....                   (no boots)
Stlth   ++........              (no amulet)
HPRegen 0.13/turn               (no ring)
MPRegen 0.13/turn               (no ring)

@: mighty, very slightly contaminated
A: high mp 1, forlorn
a: no special abilities


You were in a sewer.
You visited 1 branch of the dungeon, and saw 4 of its levels.
You also visited: Sewer.

You collected 149 gold pieces.

Inventory:

Hand Weapons
 c - a +1 vorpal halberd (weapon)
Armour
 e - a +0 leather armour (worn)
 g - a +0 pair of gloves (worn)
 k - a +0 helmet (worn)
Scrolls
 a - a scroll of immolation {unknown}
 d - 2 scrolls of identify {unknown}
 f - a scroll of torment {unknown}
 j - 4 scrolls of teleportation
 l - a scroll of holy word {unknown}
 m - a scroll of magic mapping {unknown}
Potions
 h - 4 potions of flight
 n - a potion of degeneration {unknown}


   Skills:
 + Level 1.0 Fighting
 + Level 1.5 Polearms
 + Level 0.9 Armour
 + Level 2.0 Dodging
 + Level 2.0 Stealth
 + Level 2.8 Spellcasting
 + Level 0.9 Transmutations
 + Level 3.9 Earth Magic


You had 3 spell levels left.
You knew the following spells:

 Your Spells              Type           Power      Damage    Failure   Level
a - Stone Arrow           Conj/Erth      22%        3d8       24%         3
b - Passwall              Tmut/Erth      10%        N/A       10%         2
c - Sandblast             Erth           38%        2d10      3%          1

Your spell library contained the following spells:

 Spells                   Type           Power      Damage    Failure   Level
 Magic Dart               Conj           12%        1d3       19%         1
 Call Imp                 Summ           3%         N/A       28%         2
 Mephitic Cloud           Conj/Pois/Air  3%         N/A       50%         3
 Petrify                  Tmut/Erth      13%        N/A       54%         4


Dungeon Overview and Level Annotations

Branches:
Dungeon (4/15)              Sewer (1/1)
 Temple: D:4-7

Shops:
D:4 :


Innate Abilities, Weirdness & Mutations

Your attributes grow dramatically as you level up.
You have an increased reservoir of magic. (+10% MP)
You shall have no god before yourself.


Message History

You barely miss the river rat. The quokka closely misses you.
The river rat bites you.
You are too injured to fight recklessly!
You are too injured to fight recklessly!
You are too injured to fight recklessly!
The quokka closely misses you.
Casting: Sandblast (safe; 3% risk of failure)
Confirm with . or Enter, or press ? or * to list all spells.
The spell is quite dangerous to cast (24% risk of failure)!
Continue anyway?
Aiming: Stone Arrow (quite dangerous; 24% risk of failure)
Press: ? - help, Shift-Dir - straight line, f - river rat
Aim: a river rat (64% to hit)
You miscast Stone Arrow.
You are very lightly contaminated with residual magic.
Strange energies run through your body!
* * * LOW HITPOINT WARNING * * *
The quokka barely misses you. The river rat barely misses you.
You enter the shallow water.
Moving in this stuff is going to be slow.
The river rat bites you.
* * * LOW HITPOINT WARNING * * *
The quokka bites you but does no damage.
The river rat bites you.
* * * LOW HITPOINT WARNING * * *
The quokka bites you but does no damage.
Items here: ††††.
It was a potion of might.
You feel very mighty all of a sudden. The quokka bites you.
* * * LOW HITPOINT WARNING * * *
It was a potion of curing.
You feel better. The quokka closely misses you.
You slash the quokka!
You kill the quokka!
The river rat bites you!
* * * LOW HITPOINT WARNING * * *
Unknown command.
You closely miss the river rat. The river rat closely misses you.
You closely miss the river rat. The river rat bites you.
You die...

# ################ #
#......##......#
###..≈...#.#####@#
≈≈###≈####.##≈≈#r#
≈†≈≈≈≈≈≈≈#.# #≈r≈##
.†).≈≈≈≈≈#.#≈##r≈≈####
###...≈≈≈#≈≈≈#..≈≈≈≈≈#
##...≈≈≈≈####...≈≈#≈≈
###...≈## ##...≈#
###### ###.....≈≈#
######≈≈#


You could see a river rat and 2 rats.

Vanquished Creatures
  An orc wizard (D:3)
  A merfolk siren (Sewer)
  3 gnolls
  2 adders
  2 river rats (Sewer)
  A worm (D:2)
  2 dart slugs
  6 orcs
  An endoplasm (D:2)
  7 giant cockroaches
  6 hobgoblins
  7 quokkas
  5 ball pythons
  2 bats (D:1)
  3 frilled lizards
  A goblin (D:1)
  4 kobolds (D:2)
  24 rats
78 creatures vanquished.

Notes
Turn   | Place    | Note
-------+----------+-------------------------------------------
     0 | D:1      | Atlas the Demigod Earth Elementalist began the quest for
                  | the Orb.
     0 | D:1      | Reached XP level 1. HP: 14/14 MP: 5/5
   321 | D:1      | Reached skill level 3 in Earth Magic
   345 | D:1      | Reached XP level 2. HP: 18/20 MP: 1/7
   767 | D:1      | Learned a level 2 spell: Passwall
  1526 | D:2      | Reached XP level 3. HP: 14/26 MP: 6/9
  1976 | D:2      | Learned a level 3 spell: Stone Arrow
  2336 | D:2      | You fall into a shaft and drop 2 floors!
  2371 | D:4      | Found Plog's Book Boutique.
  2377 | D:4      | Reached XP level 4. HP: 34/34 MP: 10/10
  2688 | D:3      | Reached skill level 1 in Polearms
  2709 | D:3      | Found a glowing drain.
  2728 | Sewer    | Entered a sewer
  3053 | Sewer    | Reached skill level 1 in Fighting
  3053 | Sewer    | Reached XP level 5. HP: 28/40 MP: 7/12
  3253 | Sewer    | Slain by a river rat

Illustrated notes

Levels and vault maps discovered:
D:1:      lightli_arrival_maybe_door_vault, layout_basic, minmay_ruptured
D:2:      layout_basic, basic_ecumenical_altar
D:3:      layout_basic, portal_sewer_entry_f, eino_tiny_chamber
D:4:      layout_loops_ring, serial_shops,
          nicolae_shop_temple_entry_statues_fountains,
          kennysheep_opposing_triangles
Sewer:    sewer_sea

Skill      XL: |  1  2  3  4 |
---------------+-------------+-----
Spellcasting   | 2 |  2.8
Earth Magic    | 3 |  3.9
Dodging        | 2 |  2.0
Polearms       | 1 |  1.5
Stealth        | 2 |  2.0
Fighting       | 1 |  1.0
Armour         | |  0.9
Transmutations | |  0.9

Action                   |  1- 3 |  4- 6 || total
-------------------------+-------+-------++-------
Melee: Unarmed           |    36 |       ||    36
       Halberd           |    20 |    88 ||   108
 Cast: Sandblast         |    46 |    24 ||    70
       Stone Arrow       |     2 |       ||     2
  Use: Potion            |     2 |     2 ||     4
 Stab: Sleeping          |     2 |     2 ||     4
Armor: Robe              |    25 |       ||    25
       Leather armour    |     5 |    38 ||    43
Dodge: Dodged            |    72 |    68 ||   140

Table legend: (Time is in decaauts)
 A = Elapsed time spent in this place.
 B = Non-inter-level travel time spent in this place.
 C = Inter-level travel time spent in this place.
 D = Time resting spent in this place.
 E = Time spent auto-exploring this place.
 F = Levels seen in this place.
 G = Mean time per level.
                   A        B        C        D        E       F      G
               +--------+--------+--------+--------+--------+-----+--------+
         Total |   3331 |   3272 |     59 |    194 |   2382 |   5 |  666.2 |
       Dungeon |   2763 |   2704 |     59 |    194 |   1969 |   4 |  690.8 |
         Sewer |    568 |    568 |      0 |      0 |    413 |   1 |  568.0 |
               +--------+--------+--------+--------+--------+-----+--------+

Top non-repeatable levels by time:
     D:1: 1426 daAuts
     D:2: 928 daAuts
   Sewer: 568 daAuts
     D:4: 329 daAuts
     D:3: 79 daAuts
